 Dungeon Crawl Stone Soup version 0.23-a0-143-g1adec7b (webtiles) character file.

57275 CanOfBees the Impaler (level 14, -6/136 HPs)
             Began as a Minotaur Monk on Sept 4, 2018.
             Was the Champion of Yredelemnul.
             Killed by divine providence
             ... invoked by a meliai
              (13 damage)
             ... on level 13 of the Dungeon.
             The game lasted 00:55:19 (28244 turns).

CanOfBees the Impaler (Minotaur Monk)              Turns: 28244, Time: 00:55:19

Health: -6/136     AC: 20    Str: 20    XL:     14   Next: 45%
Magic:  30/30      EV: 15    Int:  7    God:    Yredelemnul [******]
Gold:   1627       SH:  0    Dex: 17    Spells: 13/13 levels left

rFire    . . .     SeeInvis .   d - +2 trident (freeze)
rCold    . . .     Gourm    .   (no shield)
rNeg     . . .     Faith    .   e - +0 chain mail {MR+}
rPois    .         Spirit   .   (helmet restricted)
rElec    .         Reflect  .   M - +2 cloak
rCorr    .         Harm     .   K - +1 pair of gloves
MR       ++...                  y - +2 pair of boots
Stlth    ..........             (no amulet)
HPRegen  0.32/turn              G - ring of magical power
MPRegen  0.22/turn              L - +3 ring of dexterity

@: no status effects
A: retaliatory headbutt, horns 2
a: Recall Undead Slaves, Injury Mirror, Animate Dead, Drain Life, Enslave Soul,
Renounce Religion


You were on level 13 of the Dungeon.
You worshipped Yredelemnul.
Yredelemnul was exalted by your worship.
You were hungry.

You visited 3 branches of the dungeon, and saw 20 of its levels.
You also visited: Labyrinth.

You collected 1874 gold pieces.
You spent 247 gold pieces at shops.

Inventory:

Hand Weapons
 a - a +3 halberd of venom
 b - a +0 hunting sling
 d - a +2 trident of freezing (weapon)
 w - a +5 trident
 P - the +10 dark maul {crush}
   (You took it off a minotaur in a labyrinth)

   It inflicts extra damage upon your enemies.
Missiles
 j - 123 sling bullets
 o - 18 poisoned javelins
 s - 21 tomahawks
 A - 3 javelins
 F - a throwing net
 I - 135 stones
 T - 5 poisoned tomahawks (quivered)
Armour
 e - a +0 chain mail of magic resistance (worn)
 y - a +2 pair of boots (worn)
 K - a +1 pair of gloves (worn)
 M - a +2 cloak (worn)
 N - a +0 plate armour
 Y - the cursed +0 shield of Heqe {rC++, unknown}
   (You bought it in a shop on level 13 of the Dungeon)

   It greatly protects you from cold.
   It has a curse placed upon it.
Magical Staves
 W - an uncursed staff of death {unknown}
Jewellery
 q - a +4 ring of dexterity
 G - a ring of magical power (left hand)
 L - a +3 ring of dexterity (right hand)
Wands
 k - a wand of flame (39)
 u - a wand of random effects (23)
 D - a wand of polymorph (39)
 J - a wand of clouds (6)
 Q - a wand of digging (4)
 S - a wand of acid (23)
 U - a wand of iceblast (7)
 V - a wand of enslavement (12)
Scrolls
 l - 6 scrolls of magic mapping
 m - 6 scrolls of remove curse
 n - 5 scrolls of noise
 p - 3 scrolls of teleportation
 r - 2 scrolls of enchant armour
 z - a scroll of fear
 O - a scroll of vulnerability
 R - 5 scrolls of immolation
Potions
 f - a potion of ambrosia
 g - a potion of magic
 h - a potion of flight
 i - 3 potions of cancellation
 t - 2 potions of agility
 v - a potion of haste
 x - 2 potions of lignification
 B - a potion of heal wounds
 C - a potion of invisibility {unknown}
 E - 2 potions of curing
 H - 4 potions of brilliance
Comestibles
 c - 36 rations


   Skills:
 + Level 15.7 Fighting
 + Level 15.7 Polearms
 - Level 10.0 Armour
 - Level 12.0 Dodging
 - Level 1.5 Stealth
 + Level 11.0 Invocations


You had 13 spell levels left.
You didn't know any spells.
Your spell library contained the following spells:

 Spells                   Type           Power        Failure   Level  Hunger
 Freeze                   Ice            #...         97%         1    ##.....
 Magic Dart               Conj           #...         97%         1    ##.....
 Sting                    Conj/Pois      #...         97%         1    ##.....
 Summon Small Mammal      Summ           #...         97%         1    ##.....
 Blink                    Tloc           N/A          99%         2    ###....
 Call Imp                 Summ           #.......     99%         2    ###....
 Corpse Rot               Necr           N/A          99%         2    ###....
 Poisonous Vapours        Pois/Air       #.....       99%         2    ###....
 Shroud of Golubria       Chrm/Tloc      #.........   99%         2    ###....
 Slow                     Hex            #.......     99%         2    ###....
 Sublimation of Blood     Necr           #.........   99%         2    ###....
 Throw Frost              Conj/Ice       #.....       99%         2    ###....
 Call Canine Familiar     Summ           #.......     100%        3    ####...
 Conjure Flame            Conj/Fire      #.......     100%        3    ####...
 Gell's Gravitas          Tloc           #.........   100%        3    ####...
 Lesser Beckoning         Tloc           #.........   100%        3    ####...
 Mephitic Cloud           Conj/Pois/Air  #.......     100%        3    ####...
 Ozocubu's Armour         Chrm/Ice       #.......     100%        3    ####...
 Stone Arrow              Conj/Erth      #.....       100%        3    ####...
 Summon Guardian Golem    Hex/Summ       #.......     100%        3    ####...
 Teleport Other           Tloc           #.......     100%        3    ####...
 Cause Fear               Hex            #.........   100%        4    #####..
 Ice Form                 Ice/Tmut       #.......     100%        4    #####..
 Leda's Liquefaction      Hex/Erth       #.........   100%        4    #####..
 Olgreb's Toxic Radiance  Pois           #.......     100%        4    #####..
 Passage of Golubria      Tloc           N/A          100%        4    #####..
 Summon Ice Beast         Ice/Summ       #.......     100%        4    #####..
 Summon Lightning Spire   Summ/Air       #.......     100%        4    #####..
 Throw Icicle             Conj/Ice       #.......     100%        4    #####..
 Agony                    Necr           #.......     100%        5    ######.
 Bolt of Draining         Conj/Necr      #.........   100%        5    ######.
 Dispel Undead            Necr           #.......     100%        5    ######.
 Excruciating Wounds      Chrm/Necr      #.........   100%        5    ######.
 Metabolic Englaciation   Hex/Ice        #.........   100%        5    ######.
 Silence                  Hex/Air        #.........   100%        5    ######.
 Summon Forest            Summ/Tloc      #.........   100%        5    ######.
 Venom Bolt               Conj/Pois      #.........   100%        5    ######.
 Yara's Violent Unravell  Hex/Tmut       #.........   100%        5    ######.
 Bolt of Cold             Conj/Ice       #.........   100%        6    #######
 Deflect Missiles         Chrm/Air       #.........   100%        6    #######
 Freezing Cloud           Conj/Ice/Air   #.........   100%        6    #######
 Hydra Form               Tmut           #.........   100%        6    #######
 Ozocubu's Refrigeration  Ice            #.........   100%        6    #######
 Simulacrum               Ice/Necr       #.........   100%        6    #######
 Malign Gateway           Summ/Tloc      #.........   100%        7    #######
 Summon Hydra             Summ           #.........   100%        7    #######
 Discord                  Hex            #.........   100%        8    #######


Dungeon Overview and Level Annotations

Branches:
Dungeon (13/15)            Temple (1/1) D:5            Lair (6/6) D:9
  Swamp (0/4) Lair:4        Snake (0/4) Lair:2        Slime (0/5) Lair:5
    Orc (0/2) D:9
 Vaults: D:13-14

Altars:
Ashenzari
Cheibriados
Dithmenos
Elyvilon
Fedhas
Gozag
Hepliaklqana
Kikubaaqudgha
Makhleb
Nemelex Xobeh
Okawaru
Qazlal
Ru
Sif Muna
Trog
Uskayaw
Vehumet
Wu Jian
Xom
Yredelemnul
Zin
The Shining One
Jiyva

Shops:
D:7 :   D:11 }   D:13 [

Annotations:
Lair:1 3 runed doors, SFR's ghost, novice FeAr


Innate Abilities, Weirdness & Mutations

You reflexively headbutt those who attack you in melee.
You have a pair of horns on your head.


Message History

The meliai is severely wounded.
The meliai hits you but does no damage.
The meliai hits your orc zombie with a hand axe!
Your orc zombie is destroyed!
The meliai stings you!
* * * LOW HITPOINT WARNING * * *
You closely miss the meliai.
The meliai is severely wounded.
The meliai misses you.
The meliai stings you but does no damage.
You hit the meliai. You freeze the meliai. Your headbutt misses the meliai.
The meliai is almost dead.
The meliai barely misses you. x2
You closely miss the meliai.
You headbutt the meliai, but do no damage.
The meliai is almost dead.
The meliai calls down the wrath of its god upon you.
Something smites you!
You die...
Your body rises from the dead as a mindless zombie.

#..# #.. #..# *,,
********########..######*******..
,,,,,,,,................,,,,,,,,.
,,,,,,,,................,,,,,,,,,
,,,,,,,,...........#####*********
********########...#
*********#######...#
,,,,,,,,,......)@).##############
,,,,,,,,,.......y......))........
,,,,,,,,,...#########..)..<.....<
*********..,* #..########## *,,,*
#..# *,,,********#..#
*********,,,,,,,,,,,...#********#
,,,,,,,,,,,,,,,,,,,.....,,,,,,,,.
**********,,,,,,,,......,*******#


You could see a meliai.

Vanquished Creatures
  A minotaur (Lab)
  Snorg (Lair:3)
  5 hydras
  Fannar (D:11)
  A catoblepas (Lair:5)
  A centaur warrior (D:11)
  2 two-headed ogres
  A death yak (Lair:6)
  3 skeletal warriors (D:13)
  An unseen horror (D:11)
  A phantasmal warrior (D:12)
  An ugly thing (D:10)
  Pikel (D:9)
  A deep elf mage (D:11)
  2 manticores
  An elephant (Lair:6)
  A cyclops (D:12)
  2 centaur zombies (D:11)
  2 black mambas
  Psyche (D:9)
  9 spiny frogs
  A gargoyle (D:13)
  A centaur skeleton (D:13)
  A kobold demonologist (D:11)
  7 komodo dragons
  3 trolls
  A jumping spider (D:10)
  5 meliai
  A polar bear (Lair:6)
  2 queen bees
  2 bog bodies (Lair:4)
  4 hippogriffs
  A dream sheep (Lair:6)
  11 blink frogs
  Sigmund (D:6)
  A shadow (D:12)
  2 wraiths
  36 yaks
  A human (shapeshifter) (D:13)
  A wyvern (D:12)
  4 humans (D:9)
  A basilisk (Lair:5)
  6 hungry ghosts
  An acid dragon (D:11)
  A naga (Lair:2)
  9 water moccasins
  2 soldier ants
  7 porcupines
  8 orc warriors
  3 ice beasts
  4 sky beasts
  2 black bears
  3 phantoms
  7 wolves
  9 centaurs
  2 ogres (D:5)
  10 crocodiles
  A big kobold (D:10)
  9 bullfrogs
  A wyvern zombie (D:12)
  2 wyvern skeletons (D:13)
  6 scorpions
  38 killer bees
  16 wights
  An electric eel (Lair:4)
  5 crimson imps
  4 howler monkeys
  A lava snake (Lair:4)
  A quasit (D:13)
  7 jellies
  9 orc priests
  2 gnoll shamans (D:7)
  6 hounds
  2 bullfrog skeletons
  7 orc wizards
  Terence (D:2)
  3 iguanas
  11 worker ants
  A killer bee zombie (D:7)
  2 hound zombies
  A worker ant zombie (D:6)
  A howler monkey skeleton (D:4)
  15 gnolls
  9 adders
  2 shadow imps
  4 oozes (D:8)
  4 adder zombies
  3 adder skeletons
  2 worms
  2 dart slugs (D:1)
  11 leopard geckos
  53 orcs
  3 giant cockroaches
  17 goblins
  10 hobgoblins
  12 jackals
  3 quokkas
  4 ball pythons
  6 bats
  7 frilled lizards
  13 kobolds
  13 rats
  A plant (Lair:1)
532 creatures vanquished.

Vanquished Creatures (collateral kills)
  A dire elephant (Lair:6)
  4 hydras
  2 catoblepae (Lair:6)
  A centaur warrior (D:13)
  A death knight (D:11)
  A two-headed ogre (D:12)
  2 death yaks (Lair:6)
  A skeletal warrior (D:13)
  2 lindwurms (Lair:6)
  A wolf spider (D:11)
  An ugly thing (D:11)
  An elephant (Lair:6)
  2 manticores
  2 black mambas (Lair:6)
  Joseph (D:9)
  A torpor snail (Lair:6)
  2 spiny frogs (Lair:6)
  2 rime drakes (Lair:6)
  A troll (D:11)
  4 blink frogs
  A bog body (Lair:4)
  3 hippogriffs
  A dream sheep (Lair:6)
  A wyvern (D:12)
  9 yaks
  A human (D:9)
  2 basilisks
  Grum (D:11)
  2 vampire mosquitoes (D:12)
  2 hungry ghosts
  3 nagas (Lair:2)
  A swamp worm (Lair:4)
  3 water moccasins
  A black bear (D:11)
  An ogre (D:10)
  7 centaurs
  A necrophage (D:12)
  2 wolves (Lair:6)
  3 crocodiles (Lair:6)
  A big kobold (D:11)
  3 bullfrogs
  10 killer bees
  6 wights
  An electric eel (Lair:1)
  A lava snake (Lair:4)
  A crimson imp (D:12)
  A bullfrog zombie (D:11)
  A jelly (D:8)
  A bullfrog skeleton (D:9)
  A hound (D:9)
  2 worker ants
  An adder (D:12)
  An ooze (D:8)
  2 orcs
  A jackal (D:9)
  A kobold (D:10)
  15 fungi
  7 plants
135 creatures vanquished.

Vanquished Creatures (others)
  A phantasmal warrior (D:13)
  A death yak zombie (Lair:6)
  A hydra zombie (Lair:6)
  2 black mamba zombies
  5 flying skulls (Lair:6)
  4 wraiths
  3 vampires
  4 spiny frog zombies
  An elf zombie (D:11)
  A slave (D:9)
  A blink frog zombie (Lair:5)
  A manticore zombie (Lair:6)
  A lindwurm skeleton (Lair:6)
  A blink frog skeleton (Lair:2)
  A komodo dragon zombie (Lair:2)
  A hippogriff zombie (Lair:6)
  3 water moccasin zombies
  5 yak zombies
  A wight (D:11)
  A wolf zombie (Lair:6)
  A wolf skeleton (Lair:6)
  A black bear zombie (Lair:3)
  2 basilisk zombies
  A human zombie (D:9)
  2 bog body skeletons (Lair:4)
  A worker ant (D:9)
  13 killer bee zombies
  3 crocodile zombies (Lair:6)
  A sky beast zombie (D:11)
  A mummy (D:11)
  A worker ant zombie (D:10)
  9 orc zombies
  A scorpion zombie (D:10)
  A jackal (D:9)
  A jackal zombie (D:9)
  3 orc skeletons
  8 fungi
  12 plants
101 creatures vanquished.

Grand Total: 768 creatures vanquished

Notes
Turn   | Place    | Note
-------+----------+-------------------------------------------
     0 | D:1      | CanOfBees the Minotaur Monk began the quest for the Orb.
     0 | D:1      | Reached XP level 1. HP: 19/19 MP: 0/0
   246 | D:1      | Reached XP level 2. HP: 19/27 MP: 1/1
   931 | D:2      | Found a burning altar of Makhleb.
   946 | D:2      | Noticed Terence
   949 | D:2      | Reached XP level 3. HP: 28/33 MP: 2/2
   962 | D:2      | Killed Terence
  1262 | D:2      | Reached XP level 4. HP: 39/41 MP: 3/3
  1680 | D:2      | Found a faded altar of an unknown god.
  1808 | D:3      | Reached XP level 5. HP: 47/47 MP: 4/4
  1811 | D:3      | Reached skill level 5 in Fighting
  1811 | D:3      | Reached skill level 5 in Polearms
  2166 | D:3      | Found a deep blue altar of Sif Muna.
  3011 | D:4      | Reached skill level 5 in Dodging
  3012 | D:4      | Reached XP level 6. HP: 32/56 MP: 5/5
  3427 | D:4      | Noticed a moth of wrath
  3430 | D:4      | Found a bloodstained altar of Trog.
  4193 | D:5      | Entered Level 5 of the Dungeon
  4246 | D:5      | Reached XP level 7. HP: 63/63 MP: 6/6
  4542 | D:5      | Found a staircase to the Ecumenical Temple.
  4545 | D:5      | Identified the Volume of Calling and the Frostbite
  4554 | Temple   | Entered the Ecumenical Temple
  4937 | D:5      | Noticed a dagger
  4939 | D:5      | Found a hide-covered altar of Uskayaw.
  4939 | D:5      | Noticed a dagger
  4973 | D:5      | Reached XP level 8. HP: 65/73 MP: 7/7
  6628 | D:6      | Reached XP level 9. HP: 78/82 MP: 8/8
  6753 | D:6      | Noticed Sigmund
  6763 | D:6      | Killed Sigmund
  7310 | D:7      | Found Kewkam's Book Shoppe.
  7416 | D:7      | Found an opulent altar of Gozag.
  7555 | D:7      | Found a shadowy altar of Dithmenos.
  8027 | D:7      | Reached skill level 10 in Fighting
  8027 | D:7      | Reached skill level 10 in Polearms
  8908 | D:7      | Reached skill level 1 in Armour
  9350 | Temple   | Became a worshipper of Yredelemnul the Dark
  9350 | Temple   | Reached * piety under Yredelemnul
  9350 | Temple   | Reached ** piety under Yredelemnul
  9607 | D:8      | Found an ornate altar of the Wu Jian Council.
  9701 | D:8      | Reached skill level 1 in Invocations
  9701 | D:8      | Reached XP level 10. HP: 91/94 MP: 9/9
  9736 | D:8      | Found an ancient bone altar of Kikubaaqudgha.
  9737 | D:8      | Found a blossoming altar of Fedhas.
  9854 | D:8      | Found a hazy altar of Hepliaklqana.
  9947 | D:8      | Found an iron altar of Okawaru.
 10486 | D:8      | Found a viscous altar of Jiyva.
 10562 | D:9      | Found a staircase to the Orcish Mines.
 10609 | D:9      | Noticed Pikel
 10868 | D:9      | Killed Pikel
 10932 | D:9      | Noticed Psyche
 10963 | D:9      | Reached skill level 10 in Dodging
 10993 | D:9      | Reached *** piety under Yredelemnul
 11326 | D:9      | Found a large runed door.
 11328 | D:9      | Found a runed door.
 11370 | D:9      | Reached skill level 5 in Armour
 11380 | D:9      | Killed Psyche
 11758 | D:9      | Found a runed door.
 11763 | D:9      | Found a runed door.
 11765 | D:9      | Found a runed door.
 11850 | D:9      | Found a glowing golden altar of the Shining One.
 11980 | D:9      | Noticed Joseph
 11997 | D:9      | Killed Joseph
 12141 | D:9      | Found a staircase to the Lair.
 12251 | D:10     | Entered Level 10 of the Dungeon
 12458 | D:10     | Reached XP level 11. HP: 99/102 MP: 13/13
 13545 | D:11     | Reached **** piety under Yredelemnul
 13775 | D:11     | Found a sparkling altar of Nemelex Xobeh.
 13939 | D:11     | Received a gift from Yredelemnul (a wight)
 13948 | D:11     | Noticed a deep elf mage
 13962 | D:11     | Killed a deep elf mage
 13962 | D:11     | Reached skill level 5 in Invocations
 14265 | D:11     | Noticed Grum
 15370 | D:11     | Killed an unseen horror
 15591 | D:11     | Received a gift from Yredelemnul (a mummy)
 15685 | D:11     | Noticed a death knight
 15707 | D:11     | Noticed a cyan ugly thing
 15707 | D:11     | Noticed a wolf spider
 15708 | D:11     | Noticed a centaur warrior
 15732 | D:11     | Noticed Fannar
 15738 | D:11     | Noticed a red ugly thing
 15794 | D:10     | Killed a red ugly thing
 15794 | D:10     | Reached XP level 12. HP: 35/113 MP: 15/15
 16235 | Lair:1   | Entered Level 1 of the Lair of Beasts
 16428 | Lair:1   | Received a gift from Yredelemnul (a wraith)
 16458 | Lair:1   | Noticed SFR's ghost (novice FeAr)
 16459 | Lair:1   | Noticed a seven-headed hydra
 16461 | Lair:1   | Found a runed gate.
 16468 | Lair:1   | Found a runed gate.
 16468 | Lair:1   | Found a runed gate.
 16482 | Lair:1   | Noticed a six-headed hydra
 16506 | Lair:1   | Killed a six-headed hydra
 16937 | Lair:1   | Noticed a four-headed hydra
 16948 | Lair:1   | Killed a four-headed hydra
 17556 | Lair:2   | Found a staircase to the Snake Pit.
 18884 | Lair:3   | Reached ***** piety under Yredelemnul
 19013 | Lair:3   | Noticed Snorg
 19021 | Lair:3   | Killed Snorg
 19240 | Lair:4   | Noticed a five-headed hydra
 19248 | Lair:4   | Killed a five-headed hydra
 19434 | Lair:4   | Noticed a five-headed hydra
 19446 | Lair:4   | Killed a five-headed hydra
 19697 | Lair:4   | Found a staircase to the Swamp.
 20393 | Lair:5   | Reached XP level 13. HP: 110/122 MP: 17/17
 20573 | Lair:5   | Received a gift from Yredelemnul (a wraith)
 20877 | Lair:5   | Found a staircase to the Slime Pits.
 20883 | Lair:5   | Reached skill level 10 in Armour
 21252 | Lair:5   | HP: 5/123 [eight-headed hydra (2)]
 22362 | Lair:6   | Entered Level 6 of the Lair of Beasts
 22542 | Lair:6   | Received a gift from Yredelemnul (a vampire)
 23014 | Lair:6   | Received a gift from Yredelemnul (5 flying skulls)
 23253 | Lair:6   | Found a shattered altar of Ashenzari.
 23476 | Lair:6   | Noticed a dire elephant
 23501 | Lair:6   | Killed a dire elephant
 24913 | D:11     | Killed Fannar
 24913 | D:11     | Reached skill level 10 in Invocations
 25145 | D:11     | Reached skill level 15 in Polearms
 25161 | D:11     | Received a gift from Yredelemnul (a phantasmal warrior)
 25192 | D:11     | Reached skill level 15 in Fighting
 25192 | D:11     | Reached XP level 14. HP: 84/135 MP: 20/20
 25203 | D:11     | Received a gift from Yredelemnul (a wraith)
 25323 | D:11     | Killed Grum
 25843 | D:11     | Found Cangoxoch's Gadget Emporium.
 26198 | D:12     | Received a gift from Yredelemnul (a vampire)
 26570 | D:12     | Received a gift from Yredelemnul (a wraith)
 27127 | D:13     | Found a labyrinth entrance.
 27138 | Lab      | Entered a labyrinth
 27616 | D:13     | Reached ****** piety under Yredelemnul
 27628 | D:13     | Received a gift from Yredelemnul (a vampire)
 28117 | D:13     | Found Ruchi's Antique Armour Shoppe.
 28169 | D:13     | Bought a faintly humming shield for 247 gold pieces
 28244 | D:13     | Killed from afar by a meliai

Vault maps used:
D:1:      minmay_arrival_radiant_lines
D:2:      bloody_makhleb, chequers_ecumenical_altar_lobes, minivault_26,
          uniq_terence
D:3:      lemuel_doored_altar, minmay_cupped
D:4:      corexii_shantytown, tgw_trog, first_ration
D:5:      dancing_weapons_uskayaw, minmay_temple_entry_glass,
          serial_bayou_lagoon_a
D:6:      serial_column_ruins, column_ruins_hut, column_ruins_square_medium,
          column_ruins_grid_3, column_ruins_columns_straight,
          column_ruins_grid_2, column_ruins_open_small, column_ruins_grid_2,
          column_ruins_grid_1, column_ruins_grid_1, uniq_sigmund
D:7:      cheibrodos_barr_body, old_standard_altar, basic_altar, serial_shops,
          shop_coins
D:8:      lemuel_crystal_altar, okawaru_ov_weapons_minmay, marbit_many_paths,
          grunt_temple_overflow_growth_and_decay,
          hangedman_little_slice_of_home, st_stairs_14
D:9:      erik_cavepeople, lemuel_coloured_pillars_altar, uniq_pikel,
          uniq_psyche, uniq_joseph
D:10:     lightli_orcish_oven
D:11:     regret_index_wax_grids, serial_shops, shop,
          nemelex_xobeh_ov_fountains_minmay, uniq_fannar, uniq_grum
D:12:     serial_co_window_serial, co_window_corner_a, co_window_paths_b,
          co_window_of_opportunity_a, co_window_of_opportunity_a,
          co_window_paths_b, co_window_paths_a, co_window_corner_a,
          co_window_broadway_a, co_window_2corner, co_window_corner_cb,
          co_window_corner_ca, co_window_of_opportunity_c, co_window_corner_ca,
          glass_columns_a, glass_columns_a, glass_columns_c, glass_columns_c
D:13:     lab_entry_generic, serial_shops, shop,
          minmay_guarded_unrand_skullcrusher
Temple:   pf_slime_end_temple
Lair:1:   gammafunk_ghost_split, serial_forest, infiniplex_forest_corner_1,
          infiniplex_forest_side_room, infiniplex_forest_side_room,
          infiniplex_forest_lined_3_way, infiniplex_forest_straight_2,
          infiniplex_forest_clump_C, infiniplex_forest_lined_3_way,
          infiniplex_forest_lined_2, serial_bayou_shore_a
Lair:2:   minmay_snake_entry_guardpost_small
Lair:3:   uniq_snorg
Lair:4:   nicolae_swamp_entry_splash_gauntlet, special_room, disabler_island
Lair:5:   dpeg_slime_entry_corner
Lair:6:   hangedman_lair_in_review, lemuel_centaur_altar
Lab:      nicolae_lab_dead_adventurers, nicolae_lab_do_over,
          labyrinth_baited_teleportation_trap, nicolae_lab_very_dead_end,
          nicolae_lab_arrow, labyrinth_skeletal_remains, nicolae_lab_garden,
          lab_hedge, nicolae_lab_lava

Skill      XL: |  1  2  3  4  5  6  7  8  9 10 11 12 13 14 |
---------------+-------------------------------------------+-----
Fighting       | 4 5 6 7 8 10 11 12 13 15 | 15.7
Polearms       | 4 5 6 7 8 10 11 12 13 15 | 15.7
Dodging        | 4 5 6 8 9 10 11 12 | 12.0
Armour         | 2 5 7 9 10 | 10.0
Invocations    | 1 4 6 7 10 11 | 11.0
Stealth        | |  1.5

Action                   |  1- 3 |  4- 6 |  7- 9 | 10-12 | 13-15 || total
-------------------------+-------+-------+-------+-------+-------++-------
Melee: Spear             |    82 |    17 |    41 |       |       ||   140
       Headbutt          |    14 |    25 |    70 |   194 |   142 ||   445
       Halberd           |       |   152 |   237 |    50 |    73 ||   512
       Trident           |       |       |   130 |   722 |   477 ||  1329
 Fire: Hunting sling     |       |     4 |       |       |       ||     4
Throw: Stone             |    12 |       |       |       |       ||    12
       Tomahawk          |       |     6 |       |       |     5 ||    11
Invok: Animate Remains   |       |       |     1 |     7 |       ||     8
       Animate Dead      |       |       |       |    34 |    27 ||    61
Evoke: Wand              |       |       |       |    15 |     6 ||    21
  Use: Scroll            |       |     3 |     4 |    27 |    12 ||    46
       Potion            |       |     2 |     2 |     6 |     8 ||    18
 Stab: Sleeping          |     1 |       |       |       |       ||     1
       Distracted        |       |       |       |     6 |     8 ||    14
       Confused          |       |       |       |       |     1 ||     1
  Eat: Chunk             |     1 |     9 |    20 |    27 |    19 ||    76
       Ration            |       |       |     1 |     8 |     6 ||    15
Armor: Robe              |     7 |       |       |       |       ||     7
       Scale mail        |     7 |    53 |       |       |       ||    60
       Chain mail        |       |    22 |   155 |       |   165 ||   342
       Plate armour      |       |       |    45 |   428 |    96 ||   569
Dodge: Dodged            |    42 |   127 |   220 |   398 |   368 ||  1155

Table legend:
 A = Non-vault XP
 B = Vault XP
 C = Vault XP percentage of total XP
 D = Non-vault monster count
 E = Vault monster count
 F = Vault count percentage of total count
                 A         B        C        D         E       F
            +---------+---------+-------+---------+---------+-------
      Total |   56216 |   25606 |  31.3 |     453 |     191 |  29.7
            +---------+---------+-------+---------+---------+-------
        D:1 |      34 |       0 |   0.0 |      20 |       0 |   0.0
        D:2 |      80 |      36 |  31.0 |      19 |       1 |   5.0
        D:3 |      69 |      62 |  47.3 |      16 |       5 |  23.8
        D:4 |     302 |     132 |  30.4 |      16 |      40 |  71.4
        D:5 |    1021 |       0 |   0.0 |      31 |       0 |   0.0
        D:6 |    1448 |     238 |  14.1 |      34 |       1 |   2.9
        D:7 |    1263 |     345 |  21.5 |      35 |      12 |  25.5
        D:8 |    1143 |     157 |  12.1 |      16 |       9 |  36.0
        D:9 |    1531 |    2981 |  66.1 |      22 |      19 |  46.3
       D:10 |    2478 |     140 |   5.3 |      23 |       6 |  20.7
       D:11 |    6646 |    8314 |  55.6 |      48 |      48 |  50.0
       D:12 |    5263 |       0 |   0.0 |      32 |       0 |   0.0
       D:13 |    8004 |       0 |   0.0 |      29 |       0 |   0.0
     Lair:1 |    3878 |       0 |   0.0 |      14 |       0 |   0.0
     Lair:2 |    2010 |     368 |  15.5 |      12 |       4 |  25.0
     Lair:3 |    2056 |    1117 |  35.2 |      12 |       1 |   7.7
     Lair:4 |    3963 |    2321 |  36.9 |      15 |      19 |  55.9
     Lair:5 |    8590 |       0 |   0.0 |      28 |       0 |   0.0
     Lair:6 |    6437 |    8180 |  56.0 |      31 |      25 |  44.6
        Lab |       0 |    1215 | 100.0 |       0 |       1 | 100.0
            +---------+---------+-------+---------+---------+-------
